Hartford Whalers vs Quebec Nordiques
Created - Saturday, February 1, 2025 at 12:38
Goals
|
| Hartford Whalers |
1 |
0 |
1 |
2 |
| Quebec Nordiques |
3 |
0 |
1 |
4 |
|
Shots
|
| Hartford Whalers |
11 |
9 |
21 |
41 |
| Quebec Nordiques |
14 |
8 |
14 |
36 |
|
1st period
1. Hartford Whalers , Anthony Cirelli 1 (Matt Duchene 1, Charlie McAvoy 1) at 3:35 (PP)
2. Quebec Nordiques , Shane Pinto 1 (Anthony Duclair 1, Zach Benson 1) at 8:11
3. Quebec Nordiques , Anthony Duclair 1 (Shane Pinto 1) at 13:51 (PP)
4. Quebec Nordiques , Cole Perfetti 1 (Zach Benson 2, Michael Anderson 1) at 17:53
Penalties :
Anthony Duclair (QUE) for Hooking (Minor) at 3:22, Jonas Siegenthaler (QUE) for Roughing (Minor) at 8:35, Pierre-Luc Dubois (HFD) for Tripping (Minor) at 13:44
2nd period
No Goal
Penalties :
J.J. Moser (QUE) for Roughing (Minor) at 3:01, Charlie McAvoy (HFD) for Tripping (Minor) at 14:19, Tom Wilson (HFD) for Attempt to injure (Major / Game Misconduct) at 14:34
3rd period
5. Quebec Nordiques , Rem Pitlick 1 (Marc Staal 1) at 5:50
6. Hartford Whalers , Rickard Rakell 1 (Patrick Kane 1, Ryan O'Reilly 1) at 8:09 (PP)
Penalties :
Josh Anderson (HFD) for Interference (Minor) at 3:07, Michael Anderson (QUE) for Slashing (Minor) at 6:54, Kaiden Guhle (HFD) for Cross-checking (Minor) at 12:42, Josh Anderson (HFD) for Hooking (Minor) at 17:14
Goalie Stats
Spencer Knight (HFD), 32 saves from 36 shots - (0.889), L, 0-1-0, 60:00 minutes
John Gibson (QUE), 39 saves from 41 shots - (0.951), W, 1-0-0, 60:00 minutes
Players Stats for Hartford Whalers
Player Name G A P +/- PIM S H SB GA TA FO MP PP MP PK MP
------------------------------------------------------------------------------------
Anthony Cirelli 1 0 1 0 0 4 1 0 1 0 0/1 21:54 3:27 3:41
Braden Schneider 0 0 0 -2 0 0 1 4 0 0 0/0 13:42 0:00 2:20
Charlie McAvoy 0 1 1 0 2 1 3 1 1 1 0/0 26:00 2:40 5:02
Jaden Schwartz 0 0 0 -2 0 2 0 0 0 2 0/1 8:36 0:00 1:49
Josh Anderson 0 0 0 -2 4 1 0 0 0 1 0/0 8:49 0:00 1:14
Joshua Norris 0 0 0 -1 0 5 0 0 2 1 8/13 16:49 0:00 4:41
Kaiden Guhle 0 0 0 -2 2 2 0 1 0 0 0/0 18:38 2:46 4:19
Matt Duchene 0 1 1 0 0 5 1 0 1 0 0/0 16:07 3:27 0:00
Morgan Frost 0 0 0 -2 0 1 1 0 1 0 0/3 6:47 0:00 0:00
Nick Suzuki 0 0 0 0 0 5 0 0 0 1 17/23 17:30 3:27 1:23
Patrick Kane 0 1 1 0 0 5 1 0 0 1 0/2 13:43 1:59 0:00
Pierre-Luc Dubois 0 0 0 -1 2 3 2 1 1 1 0/2 15:33 0:00 3:29
Rickard Rakell 1 0 1 0 0 2 1 0 0 0 0/0 13:39 1:59 0:00
Ryan McDonagh 0 0 0 0 0 1 0 5 1 0 0/0 25:49 2:40 5:22
Ryan O'Reilly 0 1 1 0 0 3 0 0 1 0 8/21 18:38 1:59 3:56
Ryan Suter 0 0 0 -1 0 0 3 0 0 0 0/0 14:34 0:00 0:34
Samuel Girard 0 0 0 -1 0 1 0 0 0 2 0/0 21:40 2:46 5:23
Tom Wilson 0 0 0 -1 15 0 1 0 1 0 0/0 8:24 0:00 0:14
Players Stats for Quebec Nordiques
Player Name G A P +/- PIM S H SB GA TA FO MP PP MP PK MP
------------------------------------------------------------------------------------
Alec Martinez 0 0 0 0 0 3 1 1 0 0 0/0 21:28 5:15 2:21
Andreas Athanasiou 0 0 0 1 0 2 0 0 1 1 2/5 7:21 0:00 0:00
Anthony Duclair 1 1 2 1 2 2 1 1 1 0 1/4 19:04 4:47 0:00
Cole Perfetti 1 0 1 1 0 3 1 0 0 0 0/1 16:52 5:13 0:00
Connor Brown 0 0 0 1 0 2 0 0 0 0 0/0 9:21 0:00 1:59
J.J. Moser 0 0 0 2 2 4 2 1 1 2 0/0 26:20 6:07 2:07
Jonas Siegenthaler 0 0 0 0 2 1 1 0 0 0 0/0 20:59 4:36 1:14
Jordan Greenway 0 0 0 0 0 1 2 0 1 1 0/1 14:51 1:38 3:14
Justin Holl 0 0 0 1 0 0 1 1 0 1 0/0 12:45 0:35 0:13
Kirby Dach 0 0 0 1 0 0 2 0 0 0 0/1 18:28 4:11 0:00
Luke Kunin 0 0 0 0 0 4 0 1 3 0 1/2 14:14 2:16 1:59
Marc Staal 0 1 1 1 0 0 0 1 0 1 0/0 15:59 1:27 2:54
Marco Rossi 0 0 0 1 0 2 1 0 1 0 7/13 16:22 4:45 0:00
Michael Anderson 0 1 1 2 2 1 1 1 0 1 0/0 22:27 4:36 2:03
Michael McCarron 0 0 0 0 0 0 0 0 1 1 8/18 15:04 1:48 3:18
Rem Pitlick 1 0 1 1 0 2 1 0 0 0 0/0 7:21 0:00 0:00
Shane Pinto 1 1 2 1 0 4 1 0 1 2 13/20 19:05 4:47 0:00
Zach Benson 0 2 2 1 0 5 2 0 0 0 1/1 16:29 4:29 0:22
3 Stars
1 - John Gibson (QUE)
2 - Shane Pinto (QUE)
3 - Anthony Duclair (QUE)
Power Play
Hartford Whalers - 2 on 4 Attempt(s) - 50.00%
Quebec Nordiques - 1 on 6 Attempt(s) - 16.67%
Penalty Kill
Hartford Whalers - 5 on 6 Attempt(s) - 83.33%
- Score 0 goal in Penalty Kill
Quebec Nordiques - 2 on 4 Attempt(s) - 50.00%
- Score 0 goal in Penalty Kill
Team Stat
Hartford Whalers - Hits : 15 - Faceoff Wins : 33 - Blocked Shots : 12 - Penalty Minutes : 25
Quebec Nordiques - Hits : 17 - Faceoff Wins : 33 - Blocked Shots : 7 - Penalty Minutes : 8
Official
Referees : Pierre Lambert and Chris Schlenker
Linesman : Mitchell Hunt and Jonny Murray
Game Notes
Tom Wilson (HFD) for Attempt to injure (Major / Game Misconduct) at 14:34
Tom Wilson ejected from game at 14:34 of 2nd period
Finance
Level 1 -- Attendance: 4536 (75.60%) -- Ticket Income $453,600
Level 2 -- Attendance: 4113 (82.26%) -- Ticket Income $246,780
Level 3 -- Attendance: 2193 (73.10%) -- Ticket Income $76,755
Level 4 -- Attendance: 3824 (76.48%) -- Ticket Income $95,600
Luxury Box -- Attendance: 790 (79.00%) -- Ticket Income $158,000
Game was played at the Centre Videotron.
Total Attendance: 15456 (77.28%)
Total Ticket Income: $1,030,735
Other Income: $360,757
Total Income: $1,391,492
Hartford Whalers
5 vs 5 Forward
Center Left Wing Right Wing Time % Phy DF OF
1 Nick Suzuki Anthony Cirelli Matt Duchene 30 1 2 2
2 Ryan O'Reilly Rickard Rakell Patrick Kane 30 1 2 2
3 Joshua Norris Pierre-Luc Dubois Tom Wilson 25 1 2 2
4 Morgan Frost Jaden Schwartz Josh Anderson 15 1 2 2
5 vs 5 Defense
Defense Defense Time % Phy DF OF
1 Charlie McAvoy Ryan McDonagh 30 1 2 2
2 Samuel Girard Ryan Suter 30 1 2 2
3 Kaiden Guhle Braden Schneider 25 1 2 2
4 Charlie McAvoy Ryan McDonagh 15 1 2 2
PowerPlay Forward
Center Left Wing Right Wing Time % Phy DF OF
1 Nick Suzuki Anthony Cirelli Matt Duchene 50 1 1 3
2 Ryan O'Reilly Rickard Rakell Patrick Kane 50 1 1 3
PowerPlay Defense
Defense Defense Time % Phy DF OF
1 Charlie McAvoy Ryan McDonagh 50 1 1 3
2 Samuel Girard Kaiden Guhle 50 1 1 3
Penalty Kill 4 Players Forward
Center Wing Time % Phy DF OF
1 Ryan O'Reilly Anthony Cirelli 50 1 3 1
2 Joshua Norris Tom Wilson 50 1 3 1
Penalty Kill 4 Players Defense
Defense Defense Time % Phy DF OF
1 Charlie McAvoy Ryan McDonagh 50 1 3 1
2 Samuel Girard Kaiden Guhle 50 1 3 1
Penalty Kill - 3 Players Forward
Forward Time % Phy DF OF
1 Joshua Norris 50 1 4 0
2 Ryan O'Reilly 50 1 4 0
Penalty Kill - 3 Players Defense
Defense Defense Time % Phy DF OF
1 Charlie McAvoy Ryan McDonagh 50 1 4 0
2 Kaiden Guhle Braden Schneider 50 1 4 0
4 vs 4 Forward
Center Wing Time % Phy DF OF
1 Nick Suzuki Matt Duchene 50 1 2 2
2 Ryan O'Reilly Patrick Kane 50 1 2 2
4 vs 4 Defense
Defense Defense Time % Phy DF OF
1 Charlie McAvoy Ryan McDonagh 50 1 2 2
2 Samuel Girard Kaiden Guhle 50 1 2 2
Last Minutes Offensive
Center Left Wing Right Wing Defense Defense
Nick Suzuki Rickard Rakell Matt Duchene Charlie McAvoy Samuel Girard
Last Minutes Defensive
Center Left Wing Right Wing Defense Defense
Ryan O'Reilly Anthony Cirelli Tom Wilson Charlie McAvoy Ryan McDonagh
Goaltenders
Starting : Spencer Knight
Backup : Anton Forsberg
Extra Forwards
Normal : Anthony Cirelli, Joshua Norris, Ryan O'Reilly - PP : Anthony Cirelli, Ryan O'Reilly - PK : Anthony Cirelli
Extra Defensemen
Normal : Ryan McDonagh, Samuel Girard, Braden Schneider - PP : Ryan McDonagh - PK : Ryan McDonagh, Samuel Girard
Penalty Shots
Nick Suzuki, Ryan O'Reilly, Matt Duchene, Anthony Cirelli, Patrick Kane
Scratches
Miles Wood (Healthy), Kaapo Kakko (Healthy), Dante Fabbro (Healthy), Urho Vaakanainen (Healthy), Danila Klimovich (Healthy)
Quebec Nordiques
5 vs 5 Forward
Center Left Wing Right Wing Time % Phy DF OF
1 Shane Pinto Anthony Duclair Kirby Dach 35 1 2 2
2 Marco Rossi Cole Perfetti Zach Benson 30 1 2 2
3 Michael McCarron Luke Kunin Jordan Greenway 20 1 2 2
4 Andreas Athanasiou Connor Brown Rem Pitlick 15 1 2 2
5 vs 5 Defense
Defense Defense Time % Phy DF OF
1 J.J. Moser Michael Anderson 35 1 3 1
2 Alec Martinez Jonas Siegenthaler 30 1 3 1
3 Marc Staal Justin Holl 25 1 4 0
4 J.J. Moser Jonas Siegenthaler 10 1 3 1
PowerPlay Forward
Center Left Wing Right Wing Time % Phy DF OF
1 Shane Pinto Anthony Duclair Cole Perfetti 60 1 2 2
2 Marco Rossi Zach Benson Kirby Dach 40 1 2 2
PowerPlay Defense
Defense Defense Time % Phy DF OF
1 J.J. Moser Alec Martinez 60 1 2 2
2 Michael Anderson Jonas Siegenthaler 40 1 2 2
Penalty Kill 4 Players Forward
Center Wing Time % Phy DF OF
1 Michael McCarron Jordan Greenway 60 1 4 0
2 Luke Kunin Connor Brown 40 1 4 0
Penalty Kill 4 Players Defense
Defense Defense Time % Phy DF OF
1 J.J. Moser Michael Anderson 60 2 3 0
2 Jonas Siegenthaler Alec Martinez 40 2 3 0
Penalty Kill - 3 Players Forward
Forward Time % Phy DF OF
1 Michael McCarron 60 1 4 0
2 Luke Kunin 40 1 4 0
Penalty Kill - 3 Players Defense
Defense Defense Time % Phy DF OF
1 J.J. Moser Michael Anderson 60 1 4 0
2 Jonas Siegenthaler Alec Martinez 40 1 4 0
4 vs 4 Forward
Center Wing Time % Phy DF OF
1 Shane Pinto Anthony Duclair 60 1 2 2
2 Marco Rossi Cole Perfetti 40 1 2 2
4 vs 4 Defense
Defense Defense Time % Phy DF OF
1 J.J. Moser Michael Anderson 60 1 2 2
2 Alec Martinez Jonas Siegenthaler 40 1 2 2
Last Minutes Offensive
Center Left Wing Right Wing Defense Defense
Shane Pinto Anthony Duclair Cole Perfetti J.J. Moser Michael Anderson
Last Minutes Defensive
Center Left Wing Right Wing Defense Defense
Michael McCarron Luke Kunin Connor Brown J.J. Moser Michael Anderson
Goaltenders
Starting : John Gibson
Backup : Joseph Woll
Extra Forwards
Normal : Michael McCarron, Luke Kunin, Connor Brown - PP : Luke Kunin, Michael McCarron - PK : Zach Benson
Extra Defensemen
Normal : J.J. Moser, Michael Anderson, Marc Staal - PP : Marc Staal - PK : Marc Staal, Justin Holl
Penalty Shots
Kirby Dach, Anthony Duclair, Shane Pinto, Cole Perfetti, Marco Rossi
Scratches
Jakub Voracek (Healthy), Alexander Alexeyev (Healthy), Dysin Mayo (Healthy), Keith Kinkaid (Healthy)
% Time on Ice - Hartford Whalers
Lines # - Real PCT - Wanted PCT - Time Play
Normal Forward
1 - 29% - 30% - 12:41
2 - 28% - 30% - 12:04
3 - 27% - 25% - 11:44
4 - 16% - 15% - 6:47
Normal Defense
1 - 32% - 30% - 13:43
2 - 33% - 30% - 14:08
3 - 26% - 25% - 11:22
4 - 9% - 15% - 4:03
PP Forward
1 - 63% - 50% - 3:27
2 - 37% - 50% - 1:59
PP Defense
1 - 49% - 50% - 2:40
2 - 51% - 50% - 2:46
PK Forward
1 - 36% - 50% - 3:26
2 - 64% - 50% - 6:08
PK Defense
1 - 45% - 50% - 4:17
2 - 55% - 50% - 5:17
PK3 Forward
1 - 48% - 50% - 0:50
2 - 52% - 50% - 0:54
PK3 Defense
1 - 61% - 50% - 1:03
2 - 39% - 50% - 0:41
44 Forward
1 - 0% - 50%
2 - 0% - 50%
44 Defense
1 - 0% - 50%
2 - 0% - 50%
Last Minute Offensive - 0:00
Last Minute Defensive - 0:00
Total
Forward - 60:00
Defense - 60:00
|
% Time on Ice - Quebec Nordiques
Lines # - Real PCT - Wanted PCT - Time Play
Normal Forward
1 - 33% - 35% - 14:19
2 - 27% - 30% - 11:38
3 - 23% - 20% - 9:58
4 - 17% - 15% - 7:21
Normal Defense
1 - 37% - 35% - 16:03
2 - 32% - 30% - 13:38
3 - 25% - 25% - 10:58
4 - 6% - 10% - 2:37
PP Forward
1 - 55% - 60% - 6:13
2 - 45% - 40% - 5:05
PP Defense
1 - 59% - 60% - 6:42
2 - 41% - 40% - 4:36
PK Forward
1 - 63% - 60% - 3:27
2 - 37% - 40% - 1:59
PK Defense
1 - 57% - 60% - 3:05
2 - 43% - 40% - 2:21
PK3 Forward
1 - 0% - 60%
2 - 0% - 40%
PK3 Defense
1 - 0% - 60%
2 - 0% - 40%
44 Forward
1 - 0% - 60%
2 - 0% - 40%
44 Defense
1 - 0% - 60%
2 - 0% - 40%
Last Minute Offensive - 0:00
Last Minute Defensive - 0:00
Total
Forward - 60:00
Defense - 60:00
|
Play-by-Play
1st period
0:01 of 1st period - Nick Suzuki wins face-off versus Kirby Dach in neutral zone.
0:03 of 1st period - Off-side.
0:04 of 1st period - Nick Suzuki wins face-off versus Shane Pinto in neutral zone.
0:30 of 1st period - Icing by Anthony Cirelli.
0:31 of 1st period - Ryan O'Reilly wins face-off versus Cole Perfetti in Hartford Whalers zone.
0:44 of 1st period - Wrist shot by Patrick Kane.
0:44 of 1st period - Deflect By Rickard Rakell.
0:44 of 1st period - Shot Misses the Net.
0:44 of 1st period - Puck is out of play.
0:45 of 1st period - Joshua Norris wins face-off versus Michael McCarron in Quebec Nordiques zone.
1:15 of 1st period - Snap shot by Rem Pitlick.
1:15 of 1st period - Shot Misses the Net.
1:17 of 1st period - Snap shot by Connor Brown.
1:17 of 1st period - Stopped by Spencer Knight with a rebound.
2:27 of 1st period - Joshua Norris is hit by Kirby Dach and loses puck.
3:05 of 1st period - Slapshot by Rickard Rakell.
3:05 of 1st period - Stopped by John Gibson without a rebound.
3:06 of 1st period - Nick Suzuki wins face-off versus Anthony Duclair in Quebec Nordiques zone.
3:22 of 1st period - Minor Penalty to Anthony Duclair for Hooking.
3:23 of 1st period - Michael McCarron wins face-off versus Nick Suzuki in Quebec Nordiques zone.
3:33 of 1st period - Slapshot by Matt Duchene.
3:33 of 1st period - Stopped by John Gibson with a rebound.
3:35 of 1st period - Wrist shot by Anthony Cirelli.
3:35 of 1st period - Goal by Anthony Cirelli - Hartford Whalers : 1 - Quebec Nordiques : 0.
3:36 of 1st period - Marco Rossi wins face-off versus Ryan O'Reilly in neutral zone.
3:39 of 1st period - Charlie McAvoy is hit by J.J. Moser and loses puck.
3:48 of 1st period - Snap shot by Marco Rossi.
3:48 of 1st period - Stopped by Spencer Knight with a rebound.
3:50 of 1st period - Snap shot by Michael Anderson.
3:50 of 1st period - Shot Blocked by Charlie McAvoy.
3:52 of 1st period - Wrist shot by J.J. Moser.
3:52 of 1st period - Stopped by Spencer Knight with a rebound.
4:02 of 1st period - Snap shot by Michael McCarron.
4:02 of 1st period - Shot Blocked by Ryan McDonagh.
4:04 of 1st period - Wrist shot by Luke Kunin.
4:04 of 1st period - Stopped by Spencer Knight with a rebound.
4:06 of 1st period - Slapshot by Alec Martinez.
4:06 of 1st period - Shot Blocked by Ryan McDonagh.
4:08 of 1st period - Snap shot by Jordan Greenway.
4:08 of 1st period - Shot Misses the Net.
4:10 of 1st period - Slapshot by Alec Martinez.
4:10 of 1st period - Shot Misses the Net.
4:12 of 1st period - Slapshot by Jonas Siegenthaler.
4:12 of 1st period - Stopped by Spencer Knight with a rebound.
4:24 of 1st period - Ryan McDonagh is hit by Jonas Siegenthaler and loses puck.
4:44 of 1st period - Icing by Shane Pinto.
4:45 of 1st period - Shane Pinto wins face-off versus Morgan Frost in Quebec Nordiques zone.
5:45 of 1st period - Off-side.
5:46 of 1st period - Nick Suzuki wins face-off versus Jordan Greenway in neutral zone.
6:13 of 1st period - Zach Benson is hit by Charlie McAvoy and loses puck.
7:27 of 1st period - Snap shot by Luke Kunin.
7:27 of 1st period - Stopped by Spencer Knight with a rebound.
7:43 of 1st period - Snap shot by Patrick Kane.
7:43 of 1st period - Stopped by John Gibson with a rebound.
7:45 of 1st period - Snap shot by Ryan O'Reilly.
7:45 of 1st period - Shot Misses the Net.
7:47 of 1st period - Snap shot by Rickard Rakell.
7:47 of 1st period - Shot Misses the Net.
7:49 of 1st period - Slapshot by Kaiden Guhle.
7:49 of 1st period - Stopped by John Gibson with a rebound.
8:11 of 1st period - Snap shot by Shane Pinto.
8:11 of 1st period - Goal by Shane Pinto - Hartford Whalers : 1 - Quebec Nordiques : 1.
8:12 of 1st period - Shane Pinto wins face-off versus Nick Suzuki in neutral zone.
8:35 of 1st period - Minor Penalty to Jonas Siegenthaler for Roughing.
8:36 of 1st period - Michael McCarron wins face-off versus Ryan O'Reilly in Quebec Nordiques zone.
8:43 of 1st period - Wrist shot by Jordan Greenway.
8:43 of 1st period - Shot Misses the Net.
8:45 of 1st period - Slapshot by Alec Martinez.
8:45 of 1st period - Stopped by Spencer Knight with a rebound.
8:47 of 1st period - Snap shot by Alec Martinez.
8:47 of 1st period - Stopped by Spencer Knight without a rebound.
8:48 of 1st period - Ryan O'Reilly wins face-off versus Michael McCarron in Hartford Whalers zone.
10:35 of 1st period - Penalty to Jonas Siegenthaler is over, Jonas Siegenthaler is back on ice.
11:05 of 1st period - Marco Rossi is hit by Morgan Frost and loses puck.
12:02 of 1st period - Icing by Jonas Siegenthaler.
12:03 of 1st period - Michael McCarron wins face-off versus Ryan O'Reilly in Quebec Nordiques zone.
12:08 of 1st period - Samuel Girard is hit by Cole Perfetti and loses puck.
12:19 of 1st period - Snap shot by Zach Benson.
12:19 of 1st period - Stopped by Spencer Knight without a rebound.
12:20 of 1st period - Nick Suzuki wins face-off versus Anthony Duclair in Hartford Whalers zone.
12:49 of 1st period - Wrist shot by Matt Duchene.
12:49 of 1st period - Shot Misses the Net.
12:51 of 1st period - Slapshot by Samuel Girard.
12:51 of 1st period - Shot Misses the Net.
13:39 of 1st period - Wrist shot by Joshua Norris.
13:39 of 1st period - Stopped by John Gibson with a rebound.
13:44 of 1st period - Minor Penalty to Pierre-Luc Dubois for Tripping.
13:45 of 1st period - Shane Pinto wins face-off versus Ryan O'Reilly in Hartford Whalers zone.
13:51 of 1st period - Wrist shot by Anthony Duclair.
13:51 of 1st period - Goal by Anthony Duclair - Hartford Whalers : 1 - Quebec Nordiques : 2.
13:52 of 1st period - Shane Pinto wins face-off versus Nick Suzuki in neutral zone.
14:15 of 1st period - Icing by Charlie McAvoy.
14:16 of 1st period - Marco Rossi wins face-off versus Patrick Kane in Hartford Whalers zone.
14:21 of 1st period - Wrist shot by Cole Perfetti.
14:21 of 1st period - Stopped by Spencer Knight with a rebound.
14:23 of 1st period - Snap shot by Alec Martinez.
14:23 of 1st period - Stopped by Spencer Knight with a rebound.
14:45 of 1st period - Slapshot by Tom Wilson.
14:45 of 1st period - Shot Misses the Net.
15:25 of 1st period - Wrist shot by Jaden Schwartz.
15:25 of 1st period - Shot Misses the Net.
15:31 of 1st period - Ryan McDonagh is hit by Rem Pitlick.
15:48 of 1st period - Slapshot by Patrick Kane.
15:48 of 1st period - Stopped by John Gibson without a rebound.
15:49 of 1st period - Shane Pinto wins face-off versus Nick Suzuki in Quebec Nordiques zone.
15:49 of 1st period - Shane Pinto is hit by Ryan Suter.
16:01 of 1st period - Wrist shot by Nick Suzuki.
16:01 of 1st period - Shot Blocked by Marc Staal.
16:03 of 1st period - Wrist shot by Matt Duchene.
16:03 of 1st period - Stopped by John Gibson without a rebound.
16:04 of 1st period - Ryan O'Reilly wins face-off versus Marco Rossi in Quebec Nordiques zone.
16:38 of 1st period - Off-side.
16:39 of 1st period - Joshua Norris wins face-off versus Michael McCarron in neutral zone.
16:45 of 1st period - Icing by Justin Holl.
16:46 of 1st period - Michael McCarron wins face-off versus Joshua Norris in Quebec Nordiques zone.
16:46 of 1st period - Michael McCarron is hit by Ryan Suter.
17:02 of 1st period - Slapshot by Pierre-Luc Dubois.
17:02 of 1st period - Stopped by John Gibson with a rebound.
17:16 of 1st period - Slapshot by Joshua Norris.
17:16 of 1st period - Stopped by John Gibson without a rebound.
17:17 of 1st period - Shane Pinto wins face-off versus Ryan O'Reilly in Quebec Nordiques zone.
17:27 of 1st period - Kaiden Guhle is hit by Kirby Dach and loses puck.
17:53 of 1st period - Snap shot by Cole Perfetti.
17:53 of 1st period - Goal by Cole Perfetti - Hartford Whalers : 1 - Quebec Nordiques : 3.
17:54 of 1st period - Nick Suzuki wins face-off versus Marco Rossi in neutral zone.
18:29 of 1st period - Slapshot by Shane Pinto.
18:29 of 1st period - Shot Misses the Net.
18:31 of 1st period - Wrist shot by Michael Anderson.
18:31 of 1st period - Shot Blocked by Ryan McDonagh.
19:20 of 1st period - Icing by Marc Staal.
19:21 of 1st period - Shane Pinto wins face-off versus Anthony Cirelli in Quebec Nordiques zone.
19:57 of 1st period - Slapshot by Ryan O'Reilly.
19:57 of 1st period - Stopped by John Gibson without a rebound.
19:58 of 1st period - Joshua Norris wins face-off versus Michael McCarron in Quebec Nordiques zone.
Goals for this period are 1 for Hartford Whalers vs 3 for Quebec Nordiques.
Shots for this period are 11 for Hartford Whalers vs 14 for Quebec Nordiques.
2nd period
0:01 of 2nd period - Ryan O'Reilly wins face-off versus Marco Rossi in neutral zone.
0:12 of 2nd period - Snap shot by Ryan O'Reilly.
0:12 of 2nd period - Stopped by John Gibson without a rebound.
0:13 of 2nd period - Nick Suzuki wins face-off versus Shane Pinto in Quebec Nordiques zone.
0:40 of 2nd period - Wrist shot by Marco Rossi.
0:40 of 2nd period - Shot Misses the Net.
0:42 of 2nd period - Slapshot by Michael Anderson.
0:42 of 2nd period - Deflect By Zach Benson.
0:42 of 2nd period - Stopped by Spencer Knight with a rebound.
0:44 of 2nd period - Slapshot by Michael Anderson.
0:44 of 2nd period - Deflect By Ryan McDonagh.
0:44 of 2nd period - Stopped by Spencer Knight with a rebound.
0:46 of 2nd period - Slapshot by J.J. Moser.
0:46 of 2nd period - Stopped by Spencer Knight without a rebound.
0:47 of 2nd period - Marco Rossi wins face-off versus Ryan O'Reilly in Hartford Whalers zone.
0:48 of 2nd period - Snap shot by Zach Benson.
0:48 of 2nd period - Stopped by Spencer Knight with a rebound.
0:50 of 2nd period - Snap shot by Marco Rossi.
0:50 of 2nd period - Stopped by Spencer Knight with a rebound.
0:52 of 2nd period - Slapshot by Michael Anderson.
0:52 of 2nd period - Shot Misses the Net.
0:54 of 2nd period - Slapshot by Michael Anderson.
0:54 of 2nd period - Shot Misses the Net.
0:56 of 2nd period - Wrist shot by Zach Benson.
0:56 of 2nd period - Shot Blocked by Braden Schneider.
1:18 of 2nd period - Snap shot by Anthony Duclair.
1:18 of 2nd period - Stopped by Spencer Knight with a rebound.
1:41 of 2nd period - Wrist shot by Joshua Norris.
1:41 of 2nd period - Stopped by John Gibson without a rebound.
1:42 of 2nd period - Shane Pinto wins face-off versus Ryan O'Reilly in Quebec Nordiques zone.
2:19 of 2nd period - Snap shot by Joshua Norris.
2:19 of 2nd period - Stopped by John Gibson without a rebound.
2:20 of 2nd period - Nick Suzuki wins face-off versus Andreas Athanasiou in Quebec Nordiques zone.
2:33 of 2nd period - Snap shot by Matt Duchene.
2:33 of 2nd period - Deflect By Nick Suzuki.
2:33 of 2nd period - Shot Misses the Net.
2:33 of 2nd period - Puck is out of play.
2:34 of 2nd period - Joshua Norris wins face-off versus Marco Rossi in Quebec Nordiques zone.
2:43 of 2nd period - Jonas Siegenthaler is hit by Tom Wilson and loses puck.
3:01 of 2nd period - Minor Penalty to J.J. Moser for Roughing.
3:02 of 2nd period - Nick Suzuki wins face-off versus Michael McCarron in Quebec Nordiques zone.
3:15 of 2nd period - Wrist shot by Matt Duchene.
3:15 of 2nd period - Stopped by John Gibson with a rebound.
3:47 of 2nd period - Wrist shot by Matt Duchene.
3:47 of 2nd period - Shot Blocked by Luke Kunin.
4:35 of 2nd period - Slapshot by Nick Suzuki.
4:35 of 2nd period - Stopped by John Gibson without a rebound.
4:36 of 2nd period - Ryan O'Reilly wins face-off versus Michael McCarron in Quebec Nordiques zone.
5:01 of 2nd period - Penalty to J.J. Moser is over, J.J. Moser is back on ice.
5:31 of 2nd period - Snap shot by Cole Perfetti.
5:31 of 2nd period - Shot Misses the Net.
6:03 of 2nd period - Josh Anderson is hit by Jordan Greenway and loses puck.
7:36 of 2nd period - Rickard Rakell is hit by Jordan Greenway and loses puck.
7:56 of 2nd period - Joshua Norris is hit by Alec Martinez and loses puck.
8:04 of 2nd period - Icing by Ryan McDonagh.
8:05 of 2nd period - Shane Pinto wins face-off versus Jaden Schwartz in Hartford Whalers zone.
8:21 of 2nd period - Snap shot by Morgan Frost.
8:21 of 2nd period - Deflect By Jaden Schwartz.
8:21 of 2nd period - Stopped by John Gibson with a rebound.
8:31 of 2nd period - Nick Suzuki is hit by Zach Benson and loses puck.
10:05 of 2nd period - Zach Benson is hit by Braden Schneider and loses puck.
11:39 of 2nd period - Nick Suzuki is hit by J.J. Moser and loses puck.
11:51 of 2nd period - Backhand shot by Shane Pinto.
11:51 of 2nd period - Stopped by Spencer Knight with a rebound.
12:01 of 2nd period - Snap shot by Ryan O'Reilly.
12:01 of 2nd period - Stopped by John Gibson without a rebound.
12:02 of 2nd period - Joshua Norris wins face-off versus Andreas Athanasiou in Quebec Nordiques zone.
12:12 of 2nd period - Slapshot by Joshua Norris.
12:12 of 2nd period - Shot Blocked by Alec Martinez.
12:18 of 2nd period - Wrist shot by Pierre-Luc Dubois.
12:18 of 2nd period - Stopped by John Gibson without a rebound.
12:19 of 2nd period - Nick Suzuki wins face-off versus Shane Pinto in Quebec Nordiques zone.
14:19 of 2nd period - Minor Penalty to Charlie McAvoy for Tripping.
14:20 of 2nd period - Shane Pinto wins face-off versus Joshua Norris in Hartford Whalers zone.
14:21 of 2nd period - Backhand shot by Anthony Duclair.
14:21 of 2nd period - Shot Misses the Net.
14:23 of 2nd period - Slapshot by Cole Perfetti.
14:23 of 2nd period - Stopped by Spencer Knight without a rebound.
14:24 of 2nd period - Shane Pinto wins face-off versus Joshua Norris in Hartford Whalers zone.
14:34 of 2nd period - Major / Game Misconduct Penalty to Tom Wilson for Attempt to injure.
14:34 of 2nd period - Tom Wilson is ejected from game.
14:35 of 2nd period - Joshua Norris wins face-off versus Shane Pinto in Hartford Whalers zone.
14:51 of 2nd period - Snap shot by Anthony Duclair.
14:51 of 2nd period - Shot Misses the Net.
15:09 of 2nd period - Slapshot by Kaiden Guhle.
15:09 of 2nd period - Deflect By Joshua Norris.
15:09 of 2nd period - Stopped by John Gibson with a rebound.
16:19 of 2nd period - Penalty to Charlie McAvoy is over, Charlie McAvoy is back on ice.
17:08 of 2nd period - Michael Anderson is hit by Charlie McAvoy and loses puck.
18:59 of 2nd period - Michael McCarron is hit by Charlie McAvoy.
19:34 of 2nd period - Penalty to Tom Wilson is over, Patrick Kane is send on ice.
19:50 of 2nd period - Snap shot by Rem Pitlick.
19:50 of 2nd period - Shot Misses the Net.
Goals for this period are 0 for Hartford Whalers vs 0 for Quebec Nordiques.
Shots for this period are 9 for Hartford Whalers vs 8 for Quebec Nordiques.
3rd period
0:01 of 3rd period - Nick Suzuki wins face-off versus Anthony Duclair in neutral zone.
0:04 of 3rd period - Backhand shot by Matt Duchene.
0:04 of 3rd period - Stopped by John Gibson without a rebound.
0:05 of 3rd period - Nick Suzuki wins face-off versus Shane Pinto in Quebec Nordiques zone.
0:22 of 3rd period - Wrist shot by Matt Duchene.
0:22 of 3rd period - Shot Misses the Net.
0:38 of 3rd period - Jonas Siegenthaler is hit by Matt Duchene and loses puck.
1:28 of 3rd period - Snap shot by Nick Suzuki.
1:28 of 3rd period - Shot Blocked by Anthony Duclair.
2:04 of 3rd period - Snap shot by Shane Pinto.
2:04 of 3rd period - Stopped by Spencer Knight without a rebound.
2:05 of 3rd period - Marco Rossi wins face-off versus Ryan O'Reilly in Hartford Whalers zone.
2:51 of 3rd period - Wrist shot by Andreas Athanasiou.
2:51 of 3rd period - Stopped by Spencer Knight with a rebound.
2:53 of 3rd period - Slapshot by Connor Brown.
2:53 of 3rd period - Shot Blocked by Braden Schneider.
2:55 of 3rd period - Wrist shot by J.J. Moser.
2:55 of 3rd period - Stopped by Spencer Knight with a rebound.
2:57 of 3rd period - Snap shot by Rem Pitlick.
2:57 of 3rd period - Stopped by Spencer Knight with a rebound.
2:59 of 3rd period - Slapshot by J.J. Moser.
2:59 of 3rd period - Shot Misses the Net.
3:01 of 3rd period - Snap shot by Rem Pitlick.
3:01 of 3rd period - Shot Blocked by Braden Schneider.
3:07 of 3rd period - Minor Penalty to Josh Anderson for Interference.
3:08 of 3rd period - Luke Kunin wins face-off versus Pierre-Luc Dubois in Hartford Whalers zone.
3:45 of 3rd period - Joshua Norris is hit by Zach Benson and loses puck.
5:07 of 3rd period - Penalty to Josh Anderson is over, Josh Anderson is back on ice.
5:32 of 3rd period - Slapshot by Kaiden Guhle.
5:32 of 3rd period - Stopped by John Gibson with a rebound.
5:50 of 3rd period - Snap shot by Rem Pitlick.
5:50 of 3rd period - Goal by Rem Pitlick - Hartford Whalers : 1 - Quebec Nordiques : 4.
5:51 of 3rd period - Marco Rossi wins face-off versus Ryan O'Reilly in neutral zone.
5:58 of 3rd period - Patrick Kane is hit by Justin Holl and loses puck.
6:44 of 3rd period - Wrist shot by Pierre-Luc Dubois.
6:44 of 3rd period - Stopped by John Gibson without a rebound.
6:45 of 3rd period - Joshua Norris wins face-off versus Marco Rossi in Quebec Nordiques zone.
6:46 of 3rd period - Snap shot by Pierre-Luc Dubois.
6:46 of 3rd period - Shot Hit the Post.
6:48 of 3rd period - Wrist shot by Pierre-Luc Dubois.
6:48 of 3rd period - Shot Blocked by Michael Anderson.
6:50 of 3rd period - Snap shot by Ryan O'Reilly.
6:50 of 3rd period - Shot Misses the Net.
6:52 of 3rd period - Snap shot by Pierre-Luc Dubois.
6:52 of 3rd period - Shot Misses the Net.
6:54 of 3rd period - Minor Penalty to Michael Anderson for Slashing.
6:55 of 3rd period - Michael McCarron wins face-off versus Patrick Kane in Quebec Nordiques zone.
7:04 of 3rd period - Michael McCarron is hit by Patrick Kane and loses puck.
7:11 of 3rd period - Wrist shot by Patrick Kane.
7:11 of 3rd period - Stopped by John Gibson without a rebound.
7:12 of 3rd period - Nick Suzuki wins face-off versus Michael McCarron in Quebec Nordiques zone.
7:15 of 3rd period - Snap shot by Matt Duchene.
7:15 of 3rd period - Shot Blocked by J.J. Moser.
7:17 of 3rd period - Slapshot by Nick Suzuki.
7:17 of 3rd period - Shot Misses the Net.
7:19 of 3rd period - Slapshot by Anthony Cirelli.
7:19 of 3rd period - Stopped by John Gibson with a rebound.
7:21 of 3rd period - Snap shot by Nick Suzuki.
7:21 of 3rd period - Stopped by John Gibson without a rebound.
7:22 of 3rd period - Nick Suzuki wins face-off versus Michael McCarron in Quebec Nordiques zone.
7:55 of 3rd period - Snap shot by Matt Duchene.
7:55 of 3rd period - Shot Misses the Net.
7:57 of 3rd period - Slapshot by Ryan McDonagh.
7:57 of 3rd period - Stopped by John Gibson with a rebound.
7:59 of 3rd period - Snap shot by Matt Duchene.
7:59 of 3rd period - Shot Misses the Net.
8:01 of 3rd period - Snap shot by Charlie McAvoy.
8:01 of 3rd period - Stopped by John Gibson without a rebound.
8:02 of 3rd period - Ryan O'Reilly wins face-off versus Luke Kunin in Quebec Nordiques zone.
8:09 of 3rd period - Wrist shot by Rickard Rakell.
8:09 of 3rd period - Goal by Rickard Rakell - Hartford Whalers : 2 - Quebec Nordiques : 4.
8:10 of 3rd period - Marco Rossi wins face-off versus Ryan O'Reilly in neutral zone.
8:21 of 3rd period - Snap shot by Zach Benson.
8:21 of 3rd period - Shot Misses the Net.
8:35 of 3rd period - Patrick Kane is hit by Michael Anderson.
8:43 of 3rd period - Wrist shot by Patrick Kane.
8:43 of 3rd period - Stopped by John Gibson without a rebound.
8:44 of 3rd period - Nick Suzuki wins face-off versus Marco Rossi in Quebec Nordiques zone.
8:47 of 3rd period - Snap shot by Nick Suzuki.
8:47 of 3rd period - Stopped by John Gibson without a rebound.
8:48 of 3rd period - Zach Benson wins face-off versus Nick Suzuki in Quebec Nordiques zone.
8:53 of 3rd period - Ryan McDonagh is hit by Marco Rossi and loses puck.
9:00 of 3rd period - Slapshot by Nick Suzuki.
9:00 of 3rd period - Stopped by John Gibson with a rebound.
9:02 of 3rd period - Slapshot by Anthony Cirelli.
9:02 of 3rd period - Stopped by John Gibson without a rebound.
9:03 of 3rd period - Anthony Duclair wins face-off versus Ryan O'Reilly in Quebec Nordiques zone.
9:16 of 3rd period - Charlie McAvoy is hit by Anthony Duclair and loses puck.
9:51 of 3rd period - Luke Kunin is hit by Ryan Suter.
9:55 of 3rd period - Snap shot by Ryan O'Reilly.
9:55 of 3rd period - Shot Misses the Net.
9:57 of 3rd period - Slapshot by Samuel Girard.
9:57 of 3rd period - Stopped by John Gibson with a rebound.
10:15 of 3rd period - Snap shot by Rem Pitlick.
10:15 of 3rd period - Deflect By Connor Brown.
10:15 of 3rd period - Stopped by Spencer Knight with a rebound.
10:17 of 3rd period - Wrist shot by Andreas Athanasiou.
10:17 of 3rd period - Stopped by Spencer Knight with a rebound.
10:27 of 3rd period - Shane Pinto is hit by Pierre-Luc Dubois and loses puck.
10:42 of 3rd period - Anthony Duclair is hit by Rickard Rakell and loses puck.
10:57 of 3rd period - Snap shot by Anthony Duclair.
10:57 of 3rd period - Deflect By Zach Benson.
10:57 of 3rd period - Stopped by Spencer Knight without a rebound.
10:58 of 3rd period - Marco Rossi wins face-off versus Nick Suzuki in Hartford Whalers zone.
11:07 of 3rd period - Slapshot by Cole Perfetti.
11:07 of 3rd period - Shot Blocked by Braden Schneider.
11:09 of 3rd period - Slapshot by Zach Benson.
11:09 of 3rd period - Stopped by Spencer Knight without a rebound.
11:10 of 3rd period - Ryan O'Reilly wins face-off versus Shane Pinto in Hartford Whalers zone.
11:24 of 3rd period - Slapshot by Shane Pinto.
11:24 of 3rd period - Stopped by Spencer Knight with a rebound.
12:03 of 3rd period - Jordan Greenway is hit by Pierre-Luc Dubois and loses puck.
12:40 of 3rd period - Wrist shot by Anthony Duclair.
12:40 of 3rd period - Shot Blocked by Kaiden Guhle.
12:42 of 3rd period - Minor Penalty to Kaiden Guhle for Cross-checking.
12:43 of 3rd period - Shane Pinto wins face-off versus Ryan O'Reilly in Hartford Whalers zone.
14:04 of 3rd period - Off-side.
14:05 of 3rd period - Shane Pinto wins face-off versus Pierre-Luc Dubois in neutral zone.
14:42 of 3rd period - Penalty to Kaiden Guhle is over, Kaiden Guhle is back on ice.
14:53 of 3rd period - Wrist shot by Morgan Frost.
14:53 of 3rd period - Stopped by John Gibson with a rebound.
14:55 of 3rd period - Snap shot by Josh Anderson.
14:55 of 3rd period - Stopped by John Gibson with a rebound.
14:57 of 3rd period - Wrist shot by Morgan Frost.
14:57 of 3rd period - Deflect By Jaden Schwartz.
14:57 of 3rd period - Stopped by John Gibson without a rebound.
14:58 of 3rd period - Michael McCarron wins face-off versus Ryan O'Reilly in Quebec Nordiques zone.
15:15 of 3rd period - Snap shot by Patrick Kane.
15:15 of 3rd period - Stopped by John Gibson without a rebound.
15:16 of 3rd period - Joshua Norris wins face-off versus Andreas Athanasiou in Quebec Nordiques zone.
15:29 of 3rd period - Slapshot by Joshua Norris.
15:29 of 3rd period - Deflect By Anthony Cirelli.
15:29 of 3rd period - Stopped by John Gibson without a rebound.
15:30 of 3rd period - Michael McCarron wins face-off versus Joshua Norris in Quebec Nordiques zone.
15:30 of 3rd period - Michael McCarron is hit by Anthony Cirelli.
15:38 of 3rd period - Wrist shot by J.J. Moser.
15:38 of 3rd period - Stopped by Spencer Knight without a rebound.
15:39 of 3rd period - Michael McCarron wins face-off versus Joshua Norris in Hartford Whalers zone.
16:37 of 3rd period - Wrist shot by Luke Kunin.
16:37 of 3rd period - Shot Blocked by Ryan McDonagh.
16:39 of 3rd period - Wrist shot by Luke Kunin.
16:39 of 3rd period - Stopped by Spencer Knight with a rebound.
16:41 of 3rd period - Wrist shot by Luke Kunin.
16:41 of 3rd period - Stopped by Spencer Knight with a rebound.
16:47 of 3rd period - Wrist shot by Michael McCarron.
16:47 of 3rd period - Shot Misses the Net.
16:49 of 3rd period - Slapshot by Michael Anderson.
16:49 of 3rd period - Shot Blocked by Pierre-Luc Dubois.
16:51 of 3rd period - Snap shot by Michael McCarron.
16:51 of 3rd period - Shot Blocked by Ryan McDonagh.
16:53 of 3rd period - Snap shot by J.J. Moser.
16:53 of 3rd period - Shot Hit the Post.
16:55 of 3rd period - Slapshot by Michael Anderson.
16:55 of 3rd period - Shot Misses the Net.
16:57 of 3rd period - Wrist shot by Jordan Greenway.
16:57 of 3rd period - Stopped by Spencer Knight with a rebound.
16:59 of 3rd period - Snap shot by Luke Kunin.
16:59 of 3rd period - Shot Misses the Net.
17:01 of 3rd period - Snap shot by Michael McCarron.
17:01 of 3rd period - Deflect By Luke Kunin.
17:01 of 3rd period - Shot Misses the Net.
17:01 of 3rd period - Puck is out of play.
17:02 of 3rd period - Andreas Athanasiou wins face-off versus Morgan Frost in Hartford Whalers zone.
17:05 of 3rd period - Wrist shot by Rem Pitlick.
17:05 of 3rd period - Deflect By Connor Brown.
17:05 of 3rd period - Shot Misses the Net.
17:05 of 3rd period - Puck is out of play.
17:06 of 3rd period - Andreas Athanasiou wins face-off versus Morgan Frost in Hartford Whalers zone.
17:14 of 3rd period - Minor Penalty to Josh Anderson for Hooking.
17:15 of 3rd period - Ryan O'Reilly wins face-off versus Shane Pinto in Hartford Whalers zone.
17:15 of 3rd period - Ryan O'Reilly is hit by Shane Pinto.
19:14 of 3rd period - Penalty to Josh Anderson is over, Josh Anderson is back on ice.
19:24 of 3rd period - Snap shot by Matt Duchene.
19:24 of 3rd period - Stopped by John Gibson without a rebound.
19:25 of 3rd period - Nick Suzuki wins face-off versus Michael McCarron in Quebec Nordiques zone.
19:26 of 3rd period - Wrist shot by Matt Duchene.
19:26 of 3rd period - Shot Blocked by Justin Holl.
19:30 of 3rd period - Snap shot by Nick Suzuki.
19:30 of 3rd period - Stopped by John Gibson without a rebound.
19:31 of 3rd period - Nick Suzuki wins face-off versus Michael McCarron in Quebec Nordiques zone.
Goals for this period are 1 for Hartford Whalers vs 1 for Quebec Nordiques.
Shots for this period are 21 for Hartford Whalers vs 14 for Quebec Nordiques.
Back to the Top